AoeStats
← Drumstein

Pilgrims

508928990Analyzed
4v4 RM · 7d ago on Sep 24, 2026· 44m 39s· 8 players
Game mode
Random Map
Map size
Large (8 player)
Population
200
Speed
Normal
Resources
Standard
Victory
Conquest
Starting age
Dark Age
Ending age
Imperial Age
RankedLock teamsTeams togetherTeam positionsShared explorationLock speedFull tech treeHidden civsTurbo modeCheats
Victory
Defeat
🇦🇹 Varangians · Austria
944
+13
🇫🇷 Huns · France
917
+14
🇬🇧 Goths · United Kingdom
892
+15
🇺🇦 Magyars · Ukraine
846
+17
🇩🇪 Mongols · Germany
973
-20
🇬🇧 Bengalis · United Kingdom
881
-15
🇨🇳 Franks · China
811
-12
🇨🇴 Britons · Colombia
799
-12
Dutchy91
9:27 Loom
11:28 Feudal Age
13:19 Man-at-Arms
17:23 Castle Age
16:31 Forging
17:35 Scale Mail Armor
19:07 Long Swordsman
20:58 Wheelbarrow
23:29 Horse Collar
24:19 Double-Bit Axe
27:41 Chain Mail Armor
28:08 Squires
28:56 Heavy Plow
29:04 Anarchy
29:18 Pikeman
32:24 Iron Casting
36:05 Hand Cart
43:12 Imperial Age
41:01 Bow Saw
43:52 Gold Mining
43:53 Stone Mining
44:38 Two-Handed Swordsman
Bantum
4:02 Loom
14:02 Feudal Age
14:29 Double-Bit Axe
19:12 Bloodlines
21:41 Castle Age
20:09 Forging
20:04 Scale Barding Armor
20:13 Gold Mining
22:26 Stone Mining
23:21 Iron Casting
23:08 Chain Barding Armor
23:39 Medium Warships
29:16 Fishing Lines
29:51 Fletching
31:05 Bow Saw
35:19 Horse Collar
38:09 Gillnets
43:27 Imperial Age
44:22 Wheelbarrow
45:12 Conscription
APC
6:03 Loom
16:27 Feudal Age
17:46 Wheelbarrow
17:00 Double-Bit Axe
17:07 Horse Collar
19:01 Town Watch
19:47 Gold Mining
19:48 Stone Mining
24:21 Castle Age
25:09 Bloodlines
25:25 Heavy Plow
26:03 Gold Shaft Mining
25:44 Bow Saw
25:46 Scale Barding Armor
25:54 Forging
28:16 Husbandry
30:53 Hand Cart
32:24 Town Patrol
33:13 Marauders
40:46 Imperial Age
41:25 Elite Tarkan
FireInside
7:35 Loom
14:39 Feudal Age
19:09 Castle Age
17:11 Double-Bit Axe
19:08 Scale Barding Armor
20:35 Bloodlines
19:48 Light Cavalry
20:31 Husbandry
26:11 Wheelbarrow
27:00 Chain Barding Armor
27:31 Corvinian Army
28:07 Horse Collar
28:39 Fishing Lines
28:30 Pikeman
29:53 Town Watch
30:25 Hand Cart
30:30 Stone Mining
30:51 Gillnets
31:57 Medium Warships
33:46 Treadmill Crane
38:41 Imperial Age
36:15 Town Patrol
36:25 Arson
38:16 Heavy Plow
38:52 Careening
38:53 Clinker Construction
39:04 Ballistics
38:53 Elite Magyar Huszar
39:58 Conscription
39:50 Gold Mining
40:58 Recurve Bow
41:40 Plate Barding Armor
42:52 Parthian Tactics
42:55 Bow Saw
44:51 Hoardings
43:39 Heavy Cavalry Archer
44:09 Halberdier
Drumstein
5:34 Loom
12:32 Feudal Age
13:11 Double-Bit Axe
22:16 Castle Age
20:31 Horse Collar
21:36 Wheelbarrow
22:05 Bloodlines
22:19 Light Cavalry
23:26 Bow Saw
25:11 Squires
25:18 Husbandry
27:06 Pikeman
31:02 Town Watch
39:52 Murder Holes
白白来了哦
11:17 Feudal Age
11:55 Man-at-Arms
13:44 Scale Mail Armor
15:05 Forging
20:02 Castle Age
18:47 Double-Bit Axe
19:24 Arson
20:43 Gold Mining
21:11 Pikeman
22:10 Chain Mail Armor
22:46 Iron Casting
22:14 Squires
21:59 Gambesons
23:31 Wheelbarrow
27:47 Loom
28:54 Stone Mining
29:26 Hand Cart
29:24 Husbandry
31:07 Bow Saw
36:14 Gold Shaft Mining
38:32 Imperial Age
36:06 Treadmill Crane
40:27 Chemistry
40:47 Halberdier
41:13 Arson
43:06 Blast Furnace
45:40 Plate Mail Armor
No name1406
10:52 Loom
13:01 Feudal Age
15:05 Double-Bit Axe
15:03 Fishing Lines
16:46 Bloodlines
18:29 Wheelbarrow
18:57 Town Watch
27:18 Castle Age
26:34 Fletching
27:19 Padded Archer Armor
28:07 Gillnets
28:28 Medium Warships
28:46 Hand Cart
28:38 Husbandry
29:09 Bodkin Arrow
30:35 Leather Archer Armor
32:31 Ballistics
32:27 Clinker Construction
36:23 Forging
36:13 Scale Mail Armor
38:18 Bow Saw
38:52 Iron Casting
38:32 Chain Mail Armor
38:49 Pikeman
40:28 Chain Mail Armor
40:16 Squires
Juan774244
10:30 Feudal Age
11:01 Loom
12:07 Double-Bit Axe
17:19 Wheelbarrow
16:38 Horse Collar
20:39 Castle Age
19:48 Fletching
19:58 Padded Archer Armor
25:42 Padded Archer Armor
26:36 Bodkin Arrow
31:58 Bow Saw
35:36 Gambesons
35:12 Man-at-Arms
39:29 Imperial Age
37:33 Ballistics
36:55 Treadmill Crane
37:47 Leather Archer Armor
37:49 Scale Mail Armor
37:59 Forging
40:02 Forging
40:07 Chain Mail Armor
40:00 Squires
39:22 Pikeman
Connection lost

Rejoining the realm…

Still unreachable

The connection could not be restored.

Session expired

The server has moved on; the page needs a fresh start.